TOP OF THE 1ST |
Hartford Whalers batting - Pitching for Norfolk Cruisers : RHP Cal Hudson
|
Pitching: RHP Cal Hudson
|
|
Batting: RHB Tyrone Scott
|
0-0: Ball 1-0: Ball 2-0: SINGLE (Line Drive, 8LS)
|
Batting: RHB Roberto Ramírez
|
0-0: Ball 1-0: Ball 2-0: Called Strike 2-1: Foul Ball, location: 2F 2-2: Foul Ball, location: 2F 2-2: Grounds into double play, 5-4-3 (Groundball, 56)
|
Batting: LHB César Durán
|
0-0: Ball 1-0: Ball 2-0: Foul Ball, location: 2F 2-1: Fly out, F7 (Flyball, 7M)
|
Top of the 1st over - 0 run(s), 1 hit(s), 0 error(s), 0 left on base; Hartford 0 - Norfolk 0 |
BOTTOM OF THE 1ST |
Norfolk Cruisers batting - Pitching for Hartford Whalers : RHP Dave Tomlinson
|
Pitching: RHP Dave Tomlinson
|
|
Batting: RHB Floyd Mitchell
|
0-0: Ball 1-0: Foul Ball, location: 2F 1-1: SINGLE (Line Drive, 4MD)
|
Batting: RHB Bill Childers
|
0-0: Ball 1-0: Called Strike 1-1: Called Strike 1-2: Fly out, F9 (Flyball, 9M)
|
Batting: RHB Terry Sylvester
|
0-0: Swinging Strike 0-1: Swinging Strike 0-2: Ball 1-2: Foul Ball, location: 2F 1-2: Grounds into double play, 5-4-3 (Groundball, 56)
|
Bottom of the 1st over - 0 run(s), 1 hit(s), 0 error(s), 0 left on base; Hartford 0 - Norfolk 0 |
TOP OF THE 2ND |
Hartford Whalers batting - Pitching for Norfolk Cruisers : RHP Cal Hudson
|
Batting: RHB Félix Rodríguez
|
0-0: Ground out 6-3 (Groundball, 6)
|
Batting: LHB Leonardo López
|
0-0: Fly out, F8 (Flyball, 8LD)
|
Batting: RHB Akahele Kimokeo
|
0-0: Ball 1-0: Foul Ball, location: 2F 1-1: Ball 2-1: Called Strike 2-2: Ball 3-2: Strikes out swinging
|
Top of the 2nd over - 0 run(s), 0 hit(s), 0 error(s), 0 left on base; Hartford 0 - Norfolk 0 |
BOTTOM OF THE 2ND |
Norfolk Cruisers batting - Pitching for Hartford Whalers : RHP Dave Tomlinson
|
Batting: RHB Jorge Gómez
|
0-0: Swinging Strike 0-1: Called Strike 0-2: Ball 1-2: Ball 2-2: Fly out, F8 (Flyball, 8LS)
|
Batting: RHB Steven Talley
|
0-0: Called Strike 0-1: Ground out 1-3 (Groundball, 13S)
|
Batting: RHB Carlos Rodríguez
|
0-0: Ball 1-0: Called Strike 1-1: Foul Ball, location: 2F 1-2: Strikes out looking
|
Bottom of the 2nd over - 0 run(s), 0 hit(s), 0 error(s), 0 left on base; Hartford 0 - Norfolk 0 |
TOP OF THE 3RD |
Hartford Whalers batting - Pitching for Norfolk Cruisers : RHP Cal Hudson
|
Batting: SHB Robert Shelby
|
0-0: Called Strike 0-1: Ball 1-1: SINGLE (Groundball, 34)
|
Batting: LHB Bill Burgess
|
0-0: Foul Ball, location: 2F 0-1: Swinging Strike 0-2: Ball 1-2: Fly out, F5 (Popup, 5F)
|
Batting: LHB Dave Tomlinson
|
0-0: Bunt missed! 0-1: Foul Ball, location: 2F 0-2: Sac Bunt - play at first, batter OUT! 1-4 Robert Shelby to second
|
Batting: RHB Tyrone Scott
|
0-0: Swinging Strike 0-1: Foul Ball, location: 2F 0-2: Fly out, F9 (Line Drive, 9LM)
|
Top of the 3rd over - 0 run(s), 1 hit(s), 0 error(s), 1 left on base; Hartford 0 - Norfolk 0 |
BOTTOM OF THE 3RD |
Norfolk Cruisers batting - Pitching for Hartford Whalers : RHP Dave Tomlinson
|
Batting: RHB David Gómez
|
0-0: Ball 1-0: Called Strike 1-1: SOLO HOME RUN (Flyball, 89XD), Distance : 440 ft
|
Batting: RHB Félix Flores
|
0-0: Ball 1-0: Ground out 1-3 (Groundball, 23)
|
Batting: LHB Cal Hudson
|
0-0: Swinging Strike 0-1: Fly out, F2 (Popup, 2RF)
|
Batting: RHB Floyd Mitchell
|
0-0: Foul Ball, location: 2F 0-1: Ball 1-1: Ball 2-1: SINGLE (Flyball, 9LS)
|
Batting: RHB Bill Childers
|
0-0: Swinging Strike Passed Ball! Floyd Mitchell to second 0-1: Ball 1-1: Called Strike 1-2: SINGLE (Line Drive, 9LS) Floyd Mitchell to third Runner from 3rd tries for Home, SAFE, no throw or cutoff
|
Batting: RHB Terry Sylvester
|
0-0: Ball Bill Childers steals 2nd base 1-0: Ball 2-0: Foul Ball, location: 2F 2-1: Ground out 4-3 (Groundball, 4M)
|
Bottom of the 3rd over - 2 run(s), 3 hit(s), 0 error(s), 1 left on base; Hartford 0 - Norfolk 2 |
TOP OF THE 4TH |
Hartford Whalers batting - Pitching for Norfolk Cruisers : RHP Cal Hudson
|
Batting: RHB Roberto Ramírez
|
0-0: Called Strike 0-1: Ball 1-1: SINGLE (Line Drive, 34D)
|
Batting: LHB César Durán
|
0-0: 2-RUN HOME RUN (Flyball, 9D), Distance : 396 ft
|
Batting: RHB Félix Rodríguez
|
0-0: Called Strike 0-1: Ball 1-1: Ball 2-1: Swinging Strike 2-2: Strikes out looking
|
Batting: LHB Leonardo López
|
0-0: Ground out 4-3 (Groundball, 4)
|
Batting: RHB Akahele Kimokeo
|
0-0: SOLO HOME RUN (Line Drive, 7LD), Distance : 358 ft
|
Batting: SHB Robert Shelby
|
0-0: Ball 1-0: Ball 2-0: Fly out, F7 (Line Drive, 7LD)
|
Top of the 4th over - 3 run(s), 3 hit(s), 0 error(s), 0 left on base; Hartford 3 - Norfolk 2 |
BOTTOM OF THE 4TH |
Norfolk Cruisers batting - Pitching for Hartford Whalers : RHP Dave Tomlinson
|
Batting: RHB Jorge Gómez
|
0-0: Fly out, F8 (Flyball, 8LM)
|
Batting: RHB Steven Talley
|
0-0: Ground out 3-1 (Groundball, 34)
|
Batting: RHB Carlos Rodríguez
|
0-0: Ball 1-0: Ball 2-0: Ball 3-0: Called Strike 3-1: Foul Ball, location: 2F 3-2: SINGLE (Flyball, 8RS)
|
Batting: RHB David Gómez
|
0-0: Ball 1-0: Foul Ball, location: 2F 1-1: Ball 2-1: Foul Ball, location: 2F 2-2: TRIPLE (Flyball, 8LM) Carlos Rodríguez scores
|
Batting: RHB Félix Flores
|
0-0: Intentional Walk
|
Batting: LHB Cal Hudson
|
0-0: Ball 1-0: Ball 2-0: Foul Ball, location: 2F 2-1: Foul Ball, location: 2F 2-2: DOUBLE (Flyball, 89M) David Gómez scores Félix Flores to third
|
Batting: RHB Floyd Mitchell
|
0-0: Ball 1-0: Ball 2-0: Ball 3-0: Called Strike 3-1: Fly out, F8 (Line Drive, 8LM)
|
Bottom of the 4th over - 2 run(s), 3 hit(s), 0 error(s), 2 left on base; Hartford 3 - Norfolk 4 |
TOP OF THE 5TH |
Hartford Whalers batting - Pitching for Norfolk Cruisers : RHP Cal Hudson
|
Batting: LHB Bill Burgess
|
0-0: Called Strike 0-1: Foul Ball, location: 2F 0-2: Ball 1-2: Fly out, F9 (Flyball, 89S)
|
Batting: LHB Dave Tomlinson
|
0-0: Foul Ball, location: 2F 0-1: Ball 1-1: Ball 2-1: Swinging Strike 2-2: Foul Ball, location: 2F 2-2: Foul Ball, location: 2F 2-2: Strikes out swinging
|
Batting: RHB Tyrone Scott
|
0-0: Ball 1-0: Ball 2-0: Foul Ball, location: 2F 2-1: Reached on error, E4 (Groundball, 4)
|
Pitching: RHP John Green
|
|
Batting: RHB Roberto Ramírez
|
0-0: Ball Tyrone Scott steals 2nd base 1-0: Ground out 6-3 (Groundball, 6M)
|
Top of the 5th over - 0 run(s), 0 hit(s), 1 error(s), 1 left on base; Hartford 3 - Norfolk 4 |
BOTTOM OF THE 5TH |
Norfolk Cruisers batting - Pitching for Hartford Whalers : RHP Dave Tomlinson
|
Batting: RHB Bill Childers
|
0-0: Ball 1-0: Called Strike 1-1: Foul Ball, location: 2F 1-2: SINGLE (Groundball, 56) (infield hit)
|
Batting: RHB Terry Sylvester
|
0-0: Ball 1-0: Called Strike 1-1: Ball 2-1: Foul Ball, location: 2F 2-2: 2-RUN HOME RUN (Flyball, 8RXD), Distance : 448 ft
|
Batting: RHB Jorge Gómez
|
0-0: Ball 1-0: Ball 2-0: Called Strike 2-1: Ground out 6-3 (Groundball, 6)
|
Batting: RHB Steven Talley
|
0-0: Ground out 1-3 (Groundball, 25)
|
Batting: RHB Carlos Rodríguez
|
0-0: Ball 1-0: Called Strike 1-1: Ball 2-1: Swinging Strike 2-2: Fly out, F4 (Popup, 3DF)
|
Bottom of the 5th over - 2 run(s), 2 hit(s), 0 error(s), 0 left on base; Hartford 3 - Norfolk 6 |
TOP OF THE 6TH |
Hartford Whalers batting - Pitching for Norfolk Cruisers : RHP John Green
|
Batting: LHB César Durán
|
0-0: Fly out, F8 (Line Drive, 8RD)
|
Batting: RHB Félix Rodríguez
|
0-0: Ball 1-0: Ball 2-0: Ball 3-0: Called Strike 3-1: Base on Balls
|
Batting: LHB Leonardo López
|
0-0: Grounds into double play, 6-4-3 (Groundball, 6)
|
Top of the 6th over - 0 run(s), 0 hit(s), 0 error(s), 0 left on base; Hartford 3 - Norfolk 6 |
BOTTOM OF THE 6TH |
Norfolk Cruisers batting - Pitching for Hartford Whalers : RHP Dave Tomlinson
|
Batting: RHB David Gómez
|
0-0: Ball 1-0: Fly out, F9 (Line Drive, 89M)
|
Batting: RHB Félix Flores
|
0-0: Called Strike 0-1: SINGLE (Groundball, 34D)
|
Pinch Hitting: RHB Tom Baker
|
0-0: Foul Ball, location: 2F 0-1: Fielders Choice at 2nd, U4 (Groundball, 4M)
|
Pitching: RHP Iván Cordero
|
|
Batting: RHB Floyd Mitchell
|
0-0: Ball Tom Baker steals 2nd base 1-0: Called Strike 1-1: Called Strike 1-2: Strikes out swinging
|
Bottom of the 6th over - 0 run(s), 1 hit(s), 0 error(s), 1 left on base; Hartford 3 - Norfolk 6 |
TOP OF THE 7TH |
Hartford Whalers batting - Pitching for Norfolk Cruisers : RHP John Green
|
Pitching: LHP Denver Johnston
|
|
Batting: RHB Akahele Kimokeo
|
0-0: Ball 1-0: Ball 2-0: Ball 3-0: Called Strike 3-1: Swinging Strike 3-2: Strikes out swinging
|
Batting: SHB Robert Shelby
|
0-0: Ball 1-0: Ball 2-0: Called Strike 2-1: Foul Ball, location: 2F 2-2: Reached on error, E6 (Groundball, 6)
|
Batting: LHB Bill Burgess
|
0-0: Ball 1-0: Foul Ball, location: 2F 1-1: Ball 2-1: Ball 3-1: Foul Ball, location: 2F 3-2: Foul Ball, location: 2F 3-2: Fly out, F4 (Line Drive, 4)
|
Pinch Hitting: RHB Mike McDonald
|
0-0: Ball 1-0: Ground out 4-3 (Groundball, 4)
|
Top of the 7th over - 0 run(s), 0 hit(s), 1 error(s), 1 left on base; Hartford 3 - Norfolk 6 |
BOTTOM OF THE 7TH |
Norfolk Cruisers batting - Pitching for Hartford Whalers : RHP Iván Cordero
|
Pitching: RHP Juan Hernández
|
|
Batting: RHB Bill Childers
|
0-0: Ball 1-0: Swinging Strike 1-1: Ball 2-1: Ball 3-1: Foul Ball, location: 2F 3-2: Strikes out swinging
|
Batting: RHB Terry Sylvester
|
0-0: Ball 1-0: Fly out, F9 (Flyball, 9M)
|
Batting: RHB Jorge Gómez
|
0-0: Ball 1-0: Called Strike 1-1: Ball 2-1: Ball 3-1: Ground out 2-3 (Groundball, 2L)
|
Bottom of the 7th over - 0 run(s), 0 hit(s), 0 error(s), 0 left on base; Hartford 3 - Norfolk 6 |
TOP OF THE 8TH |
Hartford Whalers batting - Pitching for Norfolk Cruisers : LHP Denver Johnston
|
Batting: RHB Tyrone Scott
|
0-0: Ball 1-0: Ball 2-0: Called Strike 2-1: Ball 3-1: SINGLE (Line Drive, 6M)
|
Pitching: RHP Carlos Rúbio
|
|
Batting: RHB Roberto Ramírez
|
0-0: Swinging Strike 0-1: Swinging Strike 0-2: Strikes out swinging
|
Pitching: LHP Russ Melanson
|
|
Batting: LHB César Durán
|
0-0: Ball 1-0: Ball 2-0: Foul Ball, location: 2F 2-1: Ball 3-1: Called Strike 3-2: Strikes out looking
|
Batting: RHB Félix Rodríguez
|
0-0: Ball 1-0: Ball 2-0: Fielders Choice at 2nd, U4 (Groundball, 4M)
|
Top of the 8th over - 0 run(s), 1 hit(s), 0 error(s), 1 left on base; Hartford 3 - Norfolk 6 |
BOTTOM OF THE 8TH |
Norfolk Cruisers batting - Pitching for Hartford Whalers : RHP Juan Hernández
|
Batting: RHB Steven Talley
|
0-0: Ball 1-0: Called Strike 1-1: Ground out 6-3 (Groundball, 6)
|
Batting: RHB Carlos Rodríguez
|
0-0: Ball 1-0: Ball 2-0: Ground out 6-3 (Groundball, 6)
|
Batting: RHB David Gómez
|
0-0: Called Strike 0-1: Ball 1-1: Ground out 2-3 (Groundball, 25)
|
Bottom of the 8th over - 0 run(s), 0 hit(s), 0 error(s), 0 left on base; Hartford 3 - Norfolk 6 |
TOP OF THE 9TH |
Hartford Whalers batting - Pitching for Norfolk Cruisers : LHP Russ Melanson
|
Pitching: RHP Gonçalo Conxacha
|
|
Now at SS: Stephen Baldwin
|
|
Batting: LHB Leonardo López
|
0-0: Ball 1-0: Ground out U3 (Groundball, 3)
|
Batting: RHB Akahele Kimokeo
|
0-0: Called Strike 0-1: Ball 1-1: Ball 2-1: Ball 3-1: Base on Balls
|
Batting: SHB Robert Shelby
|
0-0: Ball 1-0: Foul Ball, location: 2F 1-1: Foul Ball, location: 2F 1-2: Fielders Choice at 2nd, 1-6 (Groundball, 23)
|
Batting: LHB Bill Burgess
|
0-0: Ball 1-0: Foul Ball, location: 2F 1-1: Ball 2-1: Swinging Strike 2-2: Ball 3-2: Ground out 3-1 (Groundball, 34S)
|
Top of the 9th over - 0 run(s), 0 hit(s), 0 error(s), 1 left on base; Hartford 3 - Norfolk 6 |
|